 Dungeon Crawl Stone Soup version 0.19-a0-1162-g527d089 (webtiles) character file.

46 Eukament the Insei (level 3, -1/23 HPs)
             Began as an Octopode Transmuter on Aug 14, 2016.
             Slain by Terence
             ... wielding a +0 mace
              (4 damage)
             ... on level 2 of the Dungeon.
             The game lasted 00:05:58 (767 turns).

Eukament the Insei (Octopode Transmuter)             Turns: 767, Time: 00:05:58

Health: -1/23      AC:  1    Str:  9    XL:     3   Next: 66%
Magic:  1/6        EV: 13    Int: 16    God:
Gold:   27         SH:  0    Dex: 12    Spells: 2 memorised, 3 levels left

rFire  . . .     SeeInvis .     k - +6 club
rCold  . . .     Gourm    .     (no shield)
rNeg   . . .     Faith    .     (helmet restricted)
rPois  +         Spirit   .     (no amulet)
rElec  .         Dismiss  .     i - ring of poison resistance
rCorr  .         Reflect  .     (no ring)
MR     .....     Harm     .     (no ring)
Stlth  +++.......               (no ring)
                                (no ring)
                                (no ring)
                                (no ring)
                                (no ring)

@: no status effects
A: almost no armour, amphibious, 8 rings, constrict 8, camouflage 1, gelatinous
body 1
a: no special abilities


You were on level 2 of the Dungeon.
You were not hungry.

You visited 1 branch of the dungeon, and saw 2 of its levels.

You collected 27 gold pieces.

Inventory:

Hand Weapons
 k - a +6 club (weapon)
Missiles
 a - 17 arrows (quivered)
Jewellery
 i - a ring of poison resistance (left tentacle)
Scrolls
 f - 3 scrolls of remove curse
Books
 b - a book of Changes

   Spells                             Type                      Level
   a - Beastly Appendage              Transmutation                1
   b - Sticks to Snakes               Transmutation                2
   c - Spider Form                    Transmutation/Poison         3
   d - Ice Form                       Ice/Transmutation            4
   e - Blade Hands                    Transmutation                5
Comestibles
 c - a bread ration
 h - a meat ration


   Skills:
 + Level 1.2 Fighting
 + Level 2.2 Dodging
 * Level 1.5 Stealth
 + Level 3.4 Unarmed Combat
 + Level 2.3 Spellcasting
 * Level 2.5 Transmutations


You had 3 spell levels left.
You knew the following spells:

 Your Spells              Type           Power        Failure   Level  Hunger
a - Beastly Appendage     Tmut           ##....       10%         1    #......
b - Sticks to Snakes      Tmut           ##......     12%         2    ###....


Dungeon Overview and Level Annotations

Branches:
Dungeon (2/15)

Altars:

Annotations:
D:2 Terence


Innate Abilities, Weirdness & Mutations

You cannot wear most types of armour.
You are amphibious.
You can wear up to eight rings at the same time.
You can use your tentacles to constrict eight enemies at once.
Your skin changes colour to match your surroundings (Stealth+).
Your rubbery body absorbs attacks. (AC +1, EV +1)


Message History

It is a scroll of recharging.
You aren't carrying any rechargeable items.
Terence hits you but does no damage.
You barely miss Terence. You grab Terence.
Terence is heavily wounded.
You constrict Terence. Terence barely misses you.
You hit Terence but do no damage.
Terence is heavily wounded.
You constrict Terence, but do no damage.
Terence closely misses you.
You hit Terence.
Terence is heavily wounded.
You constrict Terence, but do no damage.
Terence barely misses you.
You hit Terence.
Terence is severely wounded.
You constrict Terence. The kobold hits you.
* * * LOW HITPOINT WARNING * * *
Terence hits you with a mace.
You die...

#.>#..# #..... #
#..#.# #
#.##..#.###.#
#......%....###
###.##..(.†...K..
.......g#.###.###
###.###@#.###.##(.
#....@K†........
#####(##?##.##.
#.##.##.###.
#...........
####.####### #.#
#.## #..# ##.##


You could see Terence, a goblin and a kobold.

Vanquished Creatures
  An adder (D:2)
  A ball python (D:1)
  A giant cockroach (D:1)
  2 goblins (D:1)
  2 hobgoblins (D:1)
  A bat (D:1)
  2 rats
10 creatures vanquished.

Vanquished Creatures (collateral kills)
  Jessica (D:2)
  An adder (D:2)
  A giant newt (D:2)
  A rat (D:2)
4 creatures vanquished.

Grand Total: 14 creatures vanquished

Notes
Turn   | Place    | Note
-------+----------+-------------------------------------------
     0 | D:1      | Eukament the Octopode Transmuter began the quest for the Orb.
     0 | D:1      | Reached XP level 1. HP: 13/13 MP: 3/3
   220 | D:1      | Reached skill level 1 in Stealth
   311 | D:1      | Reached XP level 2. HP: 18/18 MP: 3/5
   412 | D:2      | Noticed Jessica
   496 | D:1      | Learned a level 2 spell: Sticks to Snakes
   543 | D:2      | Killed Jessica
   543 | D:2      | Reached XP level 3. HP: 14/23 MP: 0/6
   735 | D:2      | Noticed Terence
   767 | D:2      | Slain by Terence

Vault maps used:
D:1:      minmay_arrival_five_plusses
D:2:      first_bread, uniq_jessica, uniq_terence

Skill      XL: |  1 |
---------------+----+-----
Stealth        | 1 |  1.5
Fighting       | |  1.2
Dodging        | |  2.2
Unarmed Combat | |  3.4
Spellcasting   | |  2.3
Transmutations | |  2.5

Action                   || total
-------------------------++-------
Melee: Unarmed           ||    20
       Kick              ||     4
       Constrict         ||     6
       Tentacles         ||     5
       Club              ||     9
 Cast: Beastly Appendage ||    10
       Sticks to Snakes  ||     7
  Use: Scroll            ||     4
 Stab: Sleeping          ||     2
  Eat: Beef jerky        ||     1
Armor: Skin              ||     1
Dodge: Dodged            ||    20
